Map: Void Thrashing

Players

Takker

  • Race: Protoss Protoss
  • Spawn Location: 9:00

SurovyyEdyy

  • Race: Terran Terran

VOD

Have the link to the VOD?

Description

Time

  • Played on: May 17, 2019, 2:31 p.m.
  • Length: 17:10
Show
View Real Time Build Order
Export as new Build Order

Takker Protoss 

Build Orders:  

Get SALT Encoding   

  12  0:02  Probe (Chrono Boost)  
  13  0:16  Probe (Chrono Boost)  
  14  0:30  Probe (Chrono Boost)  
  15  0:44  Probe (Chrono Boost)  
  16  0:58  Probe (Chrono Boost)  
  17  1:02  Xel'Naga Passageway  
  17  1:14  Probe (Chrono Boost)  
  18  1:46  Xel'Naga Passageway  
  18  1:58  Probe (Chrono Boost)  
  18  2:13  Probe (Chrono Boost)  
  18  2:16  Xel'Naga Ambusher  
  21  2:27  Probe (Chrono Boost)  
  22  2:41  Probe (Chrono Boost)  
  22  2:49  Core Forge  
  23  2:55  Probe (Chrono Boost)  
  23  2:57  Xel'Naga Ambusher  
  26  3:45  Xel'Naga Ambusher x2  
  26  3:49  Probe (Chrono Boost)  
  31  4:03  Probe (Chrono Boost)  
  31  4:09  Void Shrine  
  32  4:27  Xel'Naga Shieldguard  
  34  4:43  Xel'Naga Shieldguard  
  34  4:44  Constructs Facility  
  36  5:03  Xel'Naga Shieldguard  
  38  5:20  Xel'Naga Ambusher  
  40  5:38  Ancient Nexus  
  40  5:58  Tesseract Cannon  
  40  6:25  Xel'Naga Watcher  
  41  6:44  Zoraya Legion  
  41  7:45  Xel'Naga Ambusher  
  41  7:46  Xel'Naga Ambusher  
  45  7:51  Probe (Chrono Boost)  
  46  8:03  Probe (Chrono Boost)  
  46  8:05  Probe (Chrono Boost)  
  48  8:16  Probe (Chrono Boost)  
  48  8:19  Probe (Chrono Boost)  
  50  8:30  Probe (Chrono Boost)  
  50  8:33  Probe (Chrono Boost)  
  52  8:46  Probe (Chrono Boost)  
  53  9:22  Probe (Chrono Boost)  
  53  9:24  Probe (Chrono Boost)  
  53  9:26  Ancient Nexus  
  53  9:29  Tesseract Cannon  
  55  9:30  Tesseract Cannon  
  55  9:36  Probe (Chrono Boost)  
  55  9:38  Probe (Chrono Boost)  
  55  9:39  Xel'Naga Ambusher  
  59  9:42  Xel'Naga Shieldguard  
  59  9:49  Probe (Chrono Boost)  
  61  9:52  Probe (Chrono Boost)  
  61  9:58  Tesseract Cannon  
  63  10:06  Probe (Chrono Boost)  
  64  10:19  Probe (Chrono Boost)  
  64  10:23  Zoraya Legion  
  65  11:02  Xel'Naga Ambusher x2  
  65  11:05  Xel'Naga Watcher  
  70  11:44  Probe (Chrono Boost), Xel'Naga Ambusher x2  
  70  11:47  Probe (Chrono Boost)  
  76  11:56  Probe (Chrono Boost)  
  76  11:58  Probe (Chrono Boost)  
  78  12:01  Probe (Chrono Boost)  
  79  12:10  Probe (Chrono Boost)  
  79  12:12  Probe (Chrono Boost)  
  79  12:15  Probe (Chrono Boost)  
  82  12:24  Probe (Chrono Boost)  
  82  12:25  Probe (Chrono Boost)  
  82  12:28  Probe (Chrono Boost)  
  85  12:38  Probe (Chrono Boost)  
  85  12:39  Probe (Chrono Boost)  
  86  12:42  Probe (Chrono Boost)  
  86  12:52  Probe (Chrono Boost)  
  86  12:57  Xel'Naga Ambusher x2  
  86  12:58  Xel'Naga Enforcer  
  89  13:33  Probe (Chrono Boost)  
  90  13:47  Probe (Chrono Boost)  
  91  13:53  Xel'Naga Enforcer  
  91  13:58  Tesseract Cannon x2  
  95  14:01  Probe (Chrono Boost)  
  95  14:09  Xel'Naga Ambusher x2  
  100  14:17  Zoraya Legion  
Show
View Real Time Build Order
Export as new Build Order

SurovyyEdyy Terran 

Build Orders:  

Get SALT Encoding   

  12  0:29  SCV  
  12  0:46  SCV  
  13  1:03  SCV  
  14  1:19  Refinery  
  14  1:20  SCV  
  14  1:22  Refinery  
  15  1:37  SCV  
  16  1:54  SCV  
  17  2:11  SCV  
  18  2:28  SCV  
  19  2:44  SCV  
  20  3:01  SCV, Tychus  
  21  3:18  SCV  
  22  3:35  SCV  
  23  4:18  SCV  
  24  4:35  SCV  
  25  4:52  SCV  
  26  5:09  SCV  
  27  5:26  SCV  
  28  5:31  Engineering Bay  
  28  5:35  Engineering Bay  
  28  5:37  Medivac Platform  
  28  5:38  Gunslingers Hideout  
  28  5:42  Fixers Safehouse  
  28  5:45  Muscle Armory  
  28  5:55  SCV  
  29  6:12  SCV  
  30  6:29  SCV  
  31  6:46  SCV  
  32  7:03  SCV  
  33  7:20  SCV  
  34  7:48  SCV  
  35  8:05  SCV  
  36  8:22  SCV  
  37  8:39  SCV  
  38  8:56  SCV  
  39  9:13  SCV  
  40  9:41  Lt Layna Nikara, Nux  
  60  13:31  Endurance Supplements  
  60  13:32  Flashforce GDM Visor  
  60  15:01  ITC-E Triggers  
  60  15:06  Kev Rattlesnake West  
  70  15:13  Crooked Sam  
Tags
 
Add a new tag
Caveats
  • Supply blocks, unpowered buildings, or Contaminate may cause inaccurate times.
  • Supply counts are checked every 10 seconds.